Description

Max out at 10:15 w/ a safety Spine Crawler

Replay - B2GM_Zerg_2_Silver_1_G03_ZvT

Build Order

Get SALT Encoding   

  12  0:00  Drone  
  13  0:13  Overlord  
  13  0:17  Drone  
  14  0:32  Drone x2  
  16  0:51  Hatchery  
  16  0:55  Drone x2  
  17  1:00  Drone  
  18  1:16  Spawning Pool  
  17  1:18  Drone x2  
  19  1:36  Drone  
  20  1:40  Extractor  
  20  2:05  Queen x2  
  20  2:07  Overlord  
  28  2:29  Overlord  
  29  2:37  Spine Crawler  
  30  2:46  Queen, Lair  
  33  2:56  Overlord  
  43  3:21  Roach Warren  
  43  3:24  Evolution Chamber  
  41  3:33  Extractor x2  
  44  3:40  Overlord  
  43  3:49  Hatchery  
  45  4:05  Roach x3  
  45  4:09  Queen  
  53  4:15  Roach  
  55  4:21  Roach x2  
  59  4:31  Glial Reconstitution  
  59  4:32  Zerg Missile Weapons Level 1  
  66  4:56  Queen  
  75  5:20  Hydralisk Den  
  81  5:30  Evolution Chamber, Extractor x2  
  81  6:03  Extractor  
  86  6:11  Grooved Spines, Zerg Ground Armor Level 1  
  86  6:29  Hatchery  
  86  6:30  Zerg Missile Weapons Level 2  
  85  6:37  Hydralisk x10  
  120  7:08  Muscular Augments  
  147  8:03  Extractor x2  
  146  8:09  Infestation Pit  
  146  8:12  Hatchery  
  147  8:16  Zerg Ground Armor Level 2  
  177  8:50  Hive  
  187  10:08  Lurker Den  
  200  10:28  Overseer x2  
Spawning Tool Build Advisor. Get it on Overwolf

Go to:

Details

  • Created by: g.georgi@gmail.com
  • Published on: Apr 30, 2025
  • Modified on: Apr 30, 2025
  • Patch: 5.0.11
  • Difficulty: Medium
Show
View Real Time Build Order
Export as new Build Order

Comments (0)

There are no comments. Be the first!

Create an account to comment!